 Dungeon Crawl Stone Soup version 0.24.0-28-g17ded55e90 (webtiles) character file.

Game seed: 10867958320223136668, levelgen mode: deterministic

446 Nattfarinn the Archer (level 6, 0/53 HPs)
             Began as a Centaur Hunter on Nov 11, 2019.
             Was an Initiate of Okawaru.
             Slain by a river rat (6 damage)
             ... on level 4 of the Dungeon.
             The game lasted 00:08:04 (4881 turns).

Nattfarinn the Archer (Centaur Hunter)              Turns: 4881, Time: 00:08:05

Health: 0/53       AC:  5    Str: 15    XL:     6   Next: 73%
Magic:  6/6        EV:  9    Int: 10    God:    Okawaru [......]
Gold:   151        SH:  0    Dex: 11    Spells: 5/5 levels left

rFire    . . .     SeeInvis .   b - +0 short sword
rCold    . . .     Gourm    .   (no shield)
rNeg     . . .     Faith    .   c - +0 leather armour
rPois    .         Spirit   .   j - +1 hat
rElec    .         Reflect  .   (no cloak)
rCorr    .         Harm     .   (no gloves)
MR       .....                  (no barding)
Stlth    +.........             (no amulet)
HPRegen  0.17/turn              (no ring)
MPRegen  0.10/turn              (no ring)

@: very quick
A: large, hooves 3, deformed body, speed 2, tough skin 3
a: Renounce Religion


You were on level 4 of the Dungeon.
You worshipped Okawaru.
Okawaru was noncommittal.
You were very hungry.

You visited 1 branch of the dungeon, and saw 4 of its levels.

You collected 151 gold pieces.

Inventory:

Hand Weapons
 a - a +1 shortbow
 b - a +0 short sword (weapon)
 u - a +2 dagger of venom
Missiles
 d - 41 arrows
 i - 35 bolts
 p - 5 boomerangs (quivered)
Armour
 c - a +0 leather armour (worn)
 j - a +1 hat (worn)
Wands
 y - a wand of flame (22)
Scrolls
 e - 2 scrolls of remove curse {unknown}
 n - a scroll of blinking {unknown}
 o - a scroll of amnesia {unknown}
 q - 2 scrolls of enchant weapon {unknown}
 r - 3 scrolls of identify {unknown}
 s - 2 scrolls of immolation {unknown}
 z - a scroll of random uselessness {unknown}
 B - a scroll of magic mapping {unknown}
Potions
 g - a potion of mutation {unknown}
 h - 2 potions of curing
 k - a potion of flight {unknown}
 l - 2 potions of might {unknown}
 m - a potion of invisibility {unknown}
 t - a potion of cancellation {unknown}
 v - 2 potions of heal wounds {unknown}
 w - a potion of brilliance {unknown}
 x - a potion of degeneration {unknown}
 A - 3 potions of lignification {unknown}
Comestibles
 f - 10 rations


   Skills:
 + Level 4.4 Fighting
 * Level 9.3 Bows
 - Level 1.3 Dodging
 - Level 0.4 Stealth


You had 5 spell levels left.
You didn't know any spells.
Your spell library contained the following spells:

 Spells                   Type           Power        Failure   Level  Hunger
 Magic Dart               Conj           #...         43%         1    ##.....
 Blink                    Tloc           N/A          56%         2    ###....
 Call Imp                 Summ           #.......     56%         2    ###....
 Slow                     Hex            #.......     56%         2    ###....
 Conjure Flame            Conj/Fire      #.......     80%         3    ####...
 Mephitic Cloud           Conj/Pois/Air  #.......     80%         3    ####...


Dungeon Overview and Level Annotations

Branches:
Dungeon (4/15)
 Temple: D:4-7

Altars:
Ashenzari
Elyvilon
Okawaru
Qazlal
Sif Muna
Trog
Xom


Innate Abilities, Weirdness & Mutations

You have hooves in place of feet.
Armour fits poorly on your strangely shaped body.
You cover ground very quickly.
You have extremely tough skin. (AC +3)


Message History

You hit the rat.
The rat is heavily wounded.
You closely miss the river rat. The river rat barely misses you.
You closely miss the river rat. The river rat bites you.
You hit the river rat but do no damage. The river rat bites you.
You hit the river rat.
The river rat is lightly wounded.
The river rat bites you!
* * * LOW HITPOINT WARNING * * *
You hit the river rat.
The river rat is lightly wounded.
The river rat bites you but does no damage.
You hit the river rat. You kick the river rat.
The river rat is heavily wounded.
The river rat bites you.
* * * LOW HITPOINT WARNING * * *
You hit the river rat. Your kick misses the river rat.
The river rat is almost dead.
The river rat bites you.
You die...

#.# #.###.#####
########.#####.##.......
#.......................
#.######.########..####.
# #.# #..# #. ##.### #.#
#..# #. ......#
#.########..# #.
!......##...........####.
.≈≈...rr@.########.......
≈≈≈≈..###.# ##.####.
##≈≈. #.# #.# #. #≈. #.#
#.# #. #≈ ### ### ## #


You could see a river rat and a rat.

Vanquished Creatures
  An ogre (D:4)
  An orc priest (D:3)
  An iguana (D:3)
  5 worker ants (D:4)
  3 gnolls (D:2)
  5 adders
  A river rat (D:4)
  An ooze (D:3)
  2 worms
  3 dart slugs
  2 leopard geckos
  5 orcs (D:3)
  10 giant cockroaches
  8 goblins
  7 hobgoblins
  3 jackals (D:1)
  5 kobolds
  A quokka (D:4)
  A ball python (D:1)
  9 bats
  10 frilled lizards
  9 rats
93 creatures vanquished.

Notes
Turn   | Place    | Note
-------+----------+-------------------------------------------
     0 | D:1      | Nattfarinn the Centaur Hunter began the quest for the Orb.
     0 | D:1      | Reached XP level 1. HP: 17/17 MP: 1/1
   439 | D:1      | Reached XP level 2. HP: 23/24 MP: 2/2
   704 | D:1      | Reached skill level 6 in Bows
  1333 | D:2      | Reached XP level 3. HP: 4/30 MP: 3/3
  2132 | D:2      | Reached XP level 4. HP: 14/37 MP: 4/4
  2363 | D:2      | Reached skill level 7 in Bows
  2384 | D:2      | Found a shimmering altar of Xom.
  3112 | D:3      | Reached XP level 5. HP: 45/45 MP: 5/5
  3247 | D:3      | Reached skill level 8 in Bows
  3277 | D:3      | Found an iron altar of Okawaru.
  3277 | D:3      | Found a shattered altar of Ashenzari.
  3282 | D:3      | Found a faded altar of an unknown god.
  3408 | D:3      | Became a worshipper of Warmaster Okawaru
  3411 | D:3      | Found a bloodstained altar of Trog.
  3413 | D:3      | Found a shimmering blue altar of Sif Muna.
  3822 | D:4      | Found a stormy altar of Qazlal.
  3876 | D:4      | Reached XP level 6. HP: 27/52 MP: 6/6
  3969 | D:4      | Found a white marble altar of Elyvilon.
  4047 | D:4      | Reached skill level 9 in Bows
  4881 | D:4      | Slain by a river rat

Levels and vault maps discovered:
D:1:      wander_arrival_fairy_ring, layout_loops_ring
D:2:      layout_loops_corners, lemuel_round_altar, first_ration
D:3:      layout_loops_ring, chequers_temple_overflow_minitemple,
          minmay_quadrilaterals
D:4:      layout_basic, elyvilon_altar_5, nicolae_qazlal_general_emergency,
          portal_sewer_entry_e, minmay_misc_feat_room

Skill      XL: |  1  2  3  4  5  6 |
---------------+-------------------+-----
Bows           | 6 7 8 9 |  9.3
Fighting       | 3 4 |  4.4
Dodging        | |  1.3
Stealth        | |  0.4

Action                   |  1- 3 |  4- 6 || total
-------------------------+-------+-------++-------
Melee: Short sword       |   139 |   151 ||   290
       Kick              |    25 |    45 ||    70
       Dagger            |       |    19 ||    19
 Fire: Shortbow          |     7 |    34 ||    41
Throw: Boomerang         |     5 |     1 ||     6
  Use: Potion            |       |     1 ||     1
  Eat: Chunk             |     3 |     6 ||     9
Armor: Leather armour    |    53 |    85 ||   138
Dodge: Dodged            |    74 |    93 ||   167
